 Dungeon Crawl Stone Soup version 0.27-a0-1136-g0b992a5a9d (webtiles) character file.

Game seed: 13376993369471368973

33 TheGreatAnchovy the Chiller (level 3, -2/16 HPs)
             Began as a Vine Stalker Ice Elementalist on May 4, 2021.
             Killed from afar by Natasha (7 damage)
             ... with a magic dart
             ... on level 2 of the Dungeon.
             The game lasted 00:02:10 (1065 turns).

TheGreatAnchovy the Chiller (VSIE)                  Turns: 1065, Time: 00:02:12

Health: -2/16      AC:  2    Str: 10    XL:     3   Next: 29%
Magic:  0/7        EV: 12    Int: 16    God:
Gold:   13         SH:  0    Dex: 14    Spells: 6/7 levels left

rFire    . . .     SeeInvis .   (no weapon)
rCold    . . .     Faith    .   (no shield)
rNeg     . . .     Spirit   +   a - +0 robe
rPois    .         Reflect  .   (no helmet)
rElec    .         Harm     .   (no cloak)
rCorr    .         Rampage  .   (no gloves)
Will     +....                  (no boots)
Stlth    ++........             (no amulet)
HPRegen  0.05/turn              h - ring of willpower
MPRegen  0.10/turn              (no ring)

@: no status effects
A: fangs 2, magic shield, antimagic bite, no potion heal 2
a: no special abilities


You were on level 2 of the Dungeon.
You visited 1 branch of the dungeon, and saw 2 of its levels.

You collected 13 gold pieces.

Inventory:

Armour
 a - a +0 robe (worn)
Jewellery
 g - an amulet of guardian spirit
 h - a ring of willpower (left hand)
Scrolls
 b - a scroll of magic mapping {unknown}
 c - a scroll of identify {unknown}
 d - a scroll of vulnerability {unknown}
Potions
 e - 2 potions of might {unknown}
 f - 2 potions of invisibility {unknown}


   Skills:
 * Level 1.9 Dodging
 - Level 2.4 Stealth
 + Level 2.5 Spellcasting
 + Level 4.6 Ice Magic


You had 6 spell levels left.
You knew the following spells:

 Your Spells              Type           Power      Damage    Failure   Level
a - Freeze                Ice            68%        1d8       3%          1

Your spell library contained the following spells:

 Spells                   Type           Power      Damage    Failure   Level
 Frozen Ramparts          Ice            34%        1d5       9%          3
 Ozocubu's Armour         Ice            17%        N/A       9%          3
 Hailstorm                Conj/Ice       9%         3d4       58%         4
 Metabolic Englaciation   Hex/Ice        4%         N/A       91%         5


Dungeon Overview and Level Annotations

Branches:
Dungeon (2/15)

Altars:

Annotations:
D:2 Natasha


Innate Abilities, Weirdness & Mutations

You have extremely sharp teeth.
When hurt, damage is shared between your health and your magic reserves.
Your bite disrupts and absorbs the magic of your enemies.
Potions cannot restore your health.


Message History

You see here a +0 dagger.
You freeze the ball python.
You kill the ball python!
You see here a ball python corpse.
Done exploring.
Done exploring.
Done exploring.
Done exploring.
You see here a ball python corpse.
Done exploring.
Done exploring.
Done exploring.
Done exploring.
You see here a ball python corpse.
You see here a ball python skeleton.
There is a stone staircase leading down here.
You climb downwards.
There is a stone staircase leading up here.
g - an amulet of guardian spirit
h - a ring of willpower Natasha, Servant of Life and Death comes into view.
h - a ring of willpower (left hand) Natasha hisses angrily.
Unknown command.
You closely miss Natasha. Your bite misses Natasha. Natasha claws you!
You freeze Natasha.
Natasha is heavily wounded.
Natasha claws you!
You are too injured to fight recklessly!
You are too injured to fight recklessly!
Casting: Freeze (safe; 3% risk of failure)
Confirm with . or Enter, or press ? or * to list all spells.
Aiming: Freeze (safe; 3% risk of failure)
Press: ? - help, Shift-Dir - straight line, f/p - Natasha
Aim: Natasha (heavily wounded)
You freeze Natasha.
Natasha is heavily wounded.
Natasha stares at you and mumbles some strange words.
The magic dart hits you!
You die...

#....# #....# #....#
#....# #....# #....#
#####.h..# #
#...$.@..# .#
#.###....# ..# #.#
##.###...#
#######.## #.......#
#........###.#.#...#
#...................
#........#####.#####
#........#####.#
#..............#


You could see Natasha.

Vanquished Creatures
  A gnoll (D:1)
  3 ball pythons (D:1)
  An endoplasm (D:1)
  A giant cockroach (D:1)
  4 goblins (D:1)
  A hobgoblin (D:1)
  6 jackals (D:1)
  A quokka (D:1)
  A bat (D:1)
  A kobold (D:1)
20 creatures vanquished.

Notes
Turn   | Place    | Note
-------+----------+-------------------------------------------
     0 | D:1      | TheGreatAnchovy the Vine Stalker Ice Elementalist began the
                  | quest for the Orb.
     0 | D:1      | Reached XP level 1. HP: 9/9 MP: 4/4
   139 | D:1      | Reached XP level 2. HP: 11/13 MP: 0/6
   300 | D:1      | Found a faded altar of an unknown god.
   435 | D:1      | Reached XP level 3. HP: 13/16 MP: 1/7
  1059 | D:2      | Noticed Natasha
  1065 | D:2      | Killed from afar by Natasha

Illustrated notes

Levels and vault maps discovered:
D:1:      dpeg_arrival_windows_large_door, layout_loops_ring,
          hellmonk_ecumenical_altar_zigzags
D:2:      layout_basic, basic_altar, uniq_natasha, uniq_jessica

Action                   || total
-------------------------++-------
Melee: Unarmed           ||     4
       Bite              ||     1
 Cast: Freeze            ||    32
Armor: Robe              ||     5
Dodge: Dodged            ||    17

Table legend: (Time is in decaauts)
 A = Elapsed time spent in this place.
 B = Non-inter-level travel time spent in this place.
 C = Inter-level travel time spent in this place.
 D = Time resting spent in this place.
 E = Time spent auto-exploring this place.
 F = Levels seen in this place.
 G = Mean time per level.
                   A        B        C        D        E       F      G
               +--------+--------+--------+--------+--------+-----+--------+
         Total |   1064 |   1038 |     26 |      0 |    915 |   2 |  532.0 |
       Dungeon |   1064 |   1038 |     26 |      0 |    915 |   2 |  532.0 |
               +--------+--------+--------+--------+--------+-----+--------+

Top non-repeatable levels by time:
     D:1: 1027 daAuts
     D:2: 37 daAuts
